 Dungeon Crawl Stone Soup version 0.26.0-3-g156281e41b (webtiles) character file.

Game seed: 12792155948707584619

2894 christhawk the Carver (level 9, -1/79 HPs)
             Began as a Palentonga Fighter on Jan 9, 2021.
             Was an Initiate of Okawaru.
             Slain by a centaur warrior (5 damage)
             ... on level 8 of the Dungeon.
             The game lasted 00:22:37 (7213 turns).

christhawk the Carver (Palentonga Fighter)          Turns: 7213, Time: 00:22:37

Health: -1/79      AC: 18    Str: 21    XL:     9   Next: 48%
Magic:  9/9        EV:  6    Int:  9    God:    Okawaru [......]
Gold:   474        SH: 17    Dex: 11    Spells: 8/8 levels left

rFire    + . .     SeeInvis +   a - +4 falchion (vamp)
rCold    . . .     Faith    .   b - +2 tower shield
rNeg     . . .     Spirit   .   g - +3 scale mail {rF+}
rPois    .         Reflect  .   n - +0 helmet
rElec    .         Harm     .   (no cloak)
rCorr    .         Rampage  .   (no gloves)
Will     +....                  (no barding)
Stlth    ..........             c - amulet of magic regeneration
HPRegen  0.23/turn              j - ring of willpower
MPRegen  0.36/turn              (no ring)

@: mighty, slowed, curled up, very slow
A: large, rugged brown scales 3, see invisible, deformed body, hated by all, no
earth magic, no translocations magic, no transmutations magic, roll 1, armoured
tail, reflexive curl
a: Rolling Charge, Renounce Religion


You were on level 8 of the Dungeon.
You worshipped Okawaru.
Okawaru was noncommittal.
You visited 2 branches of the dungeon, and saw 9 of its levels.

You collected 474 gold pieces.

Inventory:

Hand Weapons
 a - a +4 vampiric falchion (weapon)
Armour
 b - a +2 tower shield (worn)
 g - a +3 scale mail of fire resistance (worn)
 n - a +0 helmet (worn)
Jewellery
 c - an amulet of magic regeneration (around neck)
 j - a ring of willpower (left hand)
Wands
 l - a wand of random effects (22)
 o - a wand of acid (11)
 p - a wand of iceblast (8)
Scrolls
 e - 8 scrolls of teleportation
 f - 3 scrolls of identify
 i - 3 scrolls of remove curse
 k - a scroll of noise {unknown}
 m - a scroll of enchant weapon
 q - a scroll of blinking
Potions
 d - 2 potions of might
 h - a potion of resistance


   Skills:
 + Level 5.4 Fighting
 + Level 8.5 Long Blades
 + Level 4.8 Armour
 + Level 3.0 Dodging
 + Level 0.7 Stealth
 + Level 5.8 Shields


You had 8 spell levels left.
You didn't know any spells.
Your spell library was empty.

Dungeon Overview and Level Annotations

Branches:
Dungeon (8/15)             Temple (1/1) D:5
   Lair: D:8-11

Altars:
Ashenzari
Cheibriados
Elyvilon
Fedhas
Hepliaklqana
Kikubaaqudgha
Makhleb
Okawaru
Qazlal
Ru
Sif Muna
Trog
Uskayaw
Wu Jian
Xom
Zin
The Shining One


Innate Abilities, Weirdness & Mutations

You are completely covered in rugged brown scales. (AC +3, +7% HP)
You have supernaturally acute eyesight. (SInv)
Armour fits poorly on your strangely shaped body.
You are hated by all.
You cannot study or cast Earth magic.
You cannot study or cast Translocations magic.
You cannot study or cast Transmutations magic.
You can roll at nearby foes to attack.
You have a long armoured tail.
You curl defensively after being hit.


Message History

* * * LOW HITPOINT WARNING * * *
You see here 2 arrows.
You see here an arrow.
Things that are here:
a +0 dagger; a +0 whip; a kobold corpse You see here a stone.
You see here a stone.
The orc wizard gestures wildly while chanting.
The orc wizard blinks!
The centaur warrior unwields a +0 shortbow.
You block the centaur warrior's attack. The centaur warrior hits you.
* * * LOW HITPOINT WARNING * * *
The centaur warrior hits you.
* * * LOW HITPOINT WARNING * * *
You block the centaur warrior's attack.
There is a stone staircase leading up here.
You feel very mighty all of a sudden. You block the centaur warrior's attack.
The centaur warrior hits you.
You die...

#.## ...# .... #..
# #.. # ########
##.##.# .# #.)o((.#
Dh..h.# .# ##(###.#
#.# ..# #(###h###
#.##.>#.##.#@co..#
##h......##c###.#.#
#..†#######(# #.#.#
#..#ohc((c.#o# #.#
# #..########(#(#
#.# ##. ######.#.#
#.# ## ........(.#
#.# ..######### .#


You could see a centaur warrior, a howler monkey and an orc wizard (fast).

Vanquished Creatures
  Menkaure (D:7)
  3 black bears
  5 ice beasts
  3 phantoms
  A sky beast (D:4)
  A centaur (D:6)
  A big kobold (D:8)
  A gnoll sergeant (D:7)
  4 bullfrogs
  2 scorpions
  A water moccasin skeleton (D:5)
  3 wights (D:6)
  2 howler monkeys
  2 bullfrog zombies
  3 centaur zombies (D:5)
  2 hounds
  An orc priest (D:4)
  5 orc wizards
  6 worker ants
  A worker ant zombie (D:7)
  7 gnolls
  2 howler monkey skeletons
  11 adders
  2 shadow imps
  A white imp (D:6)
  An ufetubus (D:5)
  2 adder skeletons (D:7)
  An adder zombie (D:6)
  3 worms
  8 dart slugs (D:3)
  6 leopard geckos
  12 orcs
  8 giant cockroaches
  13 hobgoblins
  4 quokkas
  2 ball pythons
  9 bats
  4 frilled lizards
  7 goblins
  11 kobolds
  A leopard gecko zombie (D:6)
  2 quokka skeletons
  7 rats
172 creatures vanquished.

Vanquished Creatures (others)
  A dart slug (D:3)
1 creature vanquished.

Grand Total: 173 creatures vanquished

Notes
Turn   | Place    | Note
-------+----------+-------------------------------------------
     0 | D:1      | christhawk the Palentonga Fighter began the quest for the
                  | Orb.
     0 | D:1      | Reached XP level 1. HP: 20/20 MP: 1/1
   319 | D:1      | Reached XP level 2. HP: 25/27 MP: 2/2
  1167 | D:2      | Reached XP level 3. HP: 32/33 MP: 3/3
  1425 | D:2      | Reached skill level 3 in Long Blades
  1564 | D:2      | Reached skill level 1 in Dodging
  1567 | D:2      | Reached XP level 4. HP: 26/40 MP: 4/4
  2062 | D:3      | Reached skill level 4 in Long Blades
  2171 | D:3      | Reached XP level 5. HP: 43/48 MP: 5/5
  2266 | D:3      | Found a faded altar of an unknown god.
  2307 | D:3      | Became a worshipper of Ru the Awakened
  2312 | D:3      | Gained mutation: You cannot study or cast Earth magic. [Ru
                  | sacrifice]
  2312 | D:3      | Gained mutation: You cannot study or cast Transmutations
                  | magic. [Ru sacrifice]
  2312 | D:3      | Gained mutation: You cannot study or cast Translocations
                  | magic. [Ru sacrifice]
  2312 | D:3      | Reached * piety under Ru
  3211 | D:4      | Reached XP level 6. HP: 39/54 MP: 6/6
  3438 | D:4      | Reached skill level 5 in Long Blades
  3713 | D:4      | Found a sacrificial altar of Ru.
  3937 | D:4      | Gained mutation: You curl defensively after being hit.
                  | [Palentonga growth]
  3937 | D:4      | Reached XP level 7. HP: 60/60 MP: 7/7
  3958 | D:5      | Entered Level 5 of the Dungeon
  4066 | D:5      | Reached skill level 6 in Long Blades
  4533 | D:5      | Reached XP level 8. HP: 63/70 MP: 8/8
  4551 | D:5      | Gained mutation: You are hated by all. [Ru sacrifice]
  4551 | D:5      | Reached ** piety under Ru
  4688 | D:5      | Found a staircase to the Ecumenical Temple.
  4715 | D:5      | Reached skill level 7 in Long Blades
  5342 | D:6      | Found a bloodstained altar of Trog.
  5361 | D:6      | Fell from the grace of Ru
  5361 | D:6      | Became a worshipper of Trog the Wrathful
  5665 | D:6      | Reached skill level 5 in Fighting
  5874 | D:7      | Found a shimmering altar of Xom.
  5884 | D:7      | Reached skill level 5 in Shields
  5894 | D:7      | Found a glowing golden altar of the Shining One.
  5906 | D:7      | Reached XP level 9. HP: 79/79 MP: 9/9
  5909 | D:7      | Reached skill level 8 in Long Blades
  5964 | D:7      | Reached * piety under Trog
  6047 | D:7      | Noticed Menkaure
  6383 | D:7      | Fell from the grace of Trog
  6410 | Temple   | Entered the Ecumenical Temple
  6491 | Temple   | Became a worshipper of Warmaster Okawaru
  6702 | D:7      | Killed Menkaure
  6739 | D:7      | Found a snail-covered altar of Cheibriados.
  6743 | D:7      | Found a hazy altar of Hepliaklqana.
  6745 | D:7      | Found a white marble altar of Elyvilon.
  6746 | D:7      | Found a broken altar of Ashenzari.
  6747 | D:7      | Found an ancient bone altar of Kikubaaqudgha.
  7183 | D:8      | Noticed a five-headed hydra
  7183 | D:8      | Noticed a manticore
  7188 | D:8      | Noticed a centaur warrior
  7211 | D:8      | HP: 3/79 [centaur warrior (4)]
  7213 | D:8      | Slain by a centaur warrior

Illustrated notes

Levels and vault maps discovered:
D:1:      erik_arrival_blinker_ship, layout_basic, st_stairs_10
D:2:      layout_basic
D:3:      kennysheep_slugbush, layout_loops_cross,
          chequers_ecumenical_altar_island, minmay_checkerbox
D:4:      layout_basic, kennysheep_mini
D:5:      layout_gridville, minmay_temple_entry_from_below_a
D:6:      layout_loops_corners, trog_ov_bears_minmay
D:7:      layout_layer_cave, minitemple, basic_altar, tso_metal_star,
          uniq_menkaure
D:8:      minmay_the_grid_octo_2x2 [minmay_the_grid_octo_pinwheel,
          minmay_the_grid_octo_fat_diamond,
          minmay_the_grid_octo_tetromino_candy,
          minmay_the_grid_octo_prize_square_snowflake], layout_basic,
          uniq_gastronok
Temple:   eino_temple_scatter_basement

Skill      XL: |  1  2  3  4  5  6  7  8  9 |
---------------+----------------------------+-----
Long Blades    | 3 4 5 6 7 8 |  8.5
Dodging        | 1 2 3 |  3.0
Armour         | 3 4 |  4.8
Shields        | 3 4 5 |  5.8
Fighting       | 4 5 |  5.4
Stealth        | |  0.7

Action                   |  1- 3 |  4- 6 |  7- 9 || total
-------------------------+-------+-------+-------++-------
Melee: Long sword        |   137 |     2 |       ||   139
       Tailslap          |     7 |    18 |    61 ||    86
       Falchion          |       |   188 |   345 ||   533
Invok: Sacrifice Arcana  |       |     1 |       ||     1
       Sacrifice Love    |       |       |     1 ||     1
       Berserk           |       |       |     1 ||     1
       Renounce Religion |       |       |     1 ||     1
 Abil: Rolling Charge    |       |     6 |    10 ||    16
Evoke: Wand              |       |       |     2 ||     2
  Use: Scroll            |     5 |     8 |     9 ||    22
       Potion            |     1 |       |     2 ||     3
Armor: Scale mail        |    74 |    77 |   142 ||   293
Dodge: Dodged            |    27 |    32 |    81 ||   140
Block: Kite shield       |    75 |    44 |       ||   119
       Tower shield      |       |    41 |   331 ||   372
       Rpst.: Long sword |     9 |       |       ||     9
       Falchion          |       |    12 |    13 ||    25
